[Event "Late-Titled-Tuesday-Blitz-May-28-2024"]
[Site "Chess.com"]
[Date "2024.05.28"]
[Round "5"]
[White "Veleamater"]
[Black "Dolphin_2010"]
[Result "0-1"]
[WhiteElo "2458"]
[BlackElo "2749"]
[TimeControl "180+1"]
[EndTime "14:55:15 PDT"]
[Termination "Dolphin_2010 won by resignation"]

1. g3 d5 2. Bg2 c6 3. d3 Nf6 4. Nf3 Bg4 5. O-O Nbd7 6. h3 Bxf3 7. Bxf3 e6 8. Bg2 Bd6 9. Nc3 O-O 10. e4 Re8 11. a3 h6 12. f4 dxe4 13. dxe4 Bc5+ 14.
Kh1 e5 15. f5 Qe7 16. g4 Red8 17. Qf3 Nh7 18. Qg3 b5 19. h4 f6 20. Ne2 a5 21.
Ng1 Bxg1 22. Rxg1 Nb6 23. Bf3 a4 24. Rg2 Nc4 25. g5 fxg5 26. hxg5 Nxg5 27. Bxg5 hxg5 28. Qxg5 Qxg5 29. Rxg5 Rd6 30. Rag1 Ra7 31. Rg6 Rxg6 32. Rxg6 Nxb2 33. Rxc6 Nc4 34. Rc5 Nxa3 35. Rxe5 Nc4 36. Rxb5 a3 37. e5 a2 38. Bd5+ Kh7 39. Be4 a1=Q+ 40. Kg2 Ne3+ 41. Kf3 Qf1+ 42. Kxe3 Qxb5 0-1

[Event "Late-Titled-Tuesday-Blitz-May-28-2024"]
[Site "Chess.com"]
[Date "2024.05.28"]
[Round "5"]
[White "LUISMIGUELOV"]
[Black "howitzer14"]
[Result "0-1"]
[WhiteElo "2233"]
[BlackElo "3018"]
[TimeControl "180+1"]
[EndTime "14:55:16 PDT"]
[Termination "howitzer14 won by resignation"]

1. d4 Nf6 2. c3 d5 3. Bg5 Ne4 4.
h4 Bf5 5. Nd2 h6 6. Nxe4 Bxe4 7.
Bf4 e6 8. Qb3 Qc8 9. f3 Bh7 10.
Nh3 c5 11. Bxb8 Rxb8 12. Qb5+ Qc6 13. e3 Bd6 14. Nf2 O-O 15. Qxc6 bxc6 16. b3 cxd4 17. cxd4 c5 18. Bd3 cxd4 19. exd4 Rfc8 20. Bxh7+ Kxh7 21. Kd2 Bb4+ 22. Kd1 Bc3 23. Rc1 Bxd4 24. Nd3 Kg6 25.
h5+ Kf6 26. Kd2 e5 27. g4 Ke6 28. Rxc8 Rxc8 29. Rc1 Rxc1 30. Kxc1 f5 31. Kd2 fxg4 32. fxg4 a5 33. a3 e4 34. Nf4+ Ke5 35. Ng6+ Kd6 36. b4 axb4 37. axb4 Bf6 38. Ke3 Kc6 39. Nf4 Bg5 0-1

[Event "Late-Titled-Tuesday-Blitz-May-28-2024"]
[Site "Chess.com"]
[Date "2024.05.28"]
[Round "5"]
[White "OIAM03"]
[Black "BenchGM"]
[Result "0-1"]
[WhiteElo "2029"]
[BlackElo "2230"]
[TimeControl "180+1"]
[EndTime "14:55:17 PDT"]
[Termination "BenchGM won on time"]

1. e4 c5 2. c3 d5 3. exd5 Qxd5 4. Nf3 Nc6 5. d4 Bg4 6. Be2 e6 7. h3 Bh5 8. dxc5 Qxd1+ 9. Bxd1 Bxc5 10. O-O Nge7 11.
Nbd2 O-O 12. Ne4 Bb6 13. Bf4 Nd5 14. Bg3 Rad8 15. c4 Nf6 16. Nxf6+ gxf6 17. a3 a5 18. c5 Bxc5 19. Rc1 Bb6 20. Ba4 Nd4 21. Nxd4 Bxd4 22.
b3 e5 23. Rc7 b6 24. Kh2 Be2 25. Re1 Bd3 26. Bc6 Rc8 27. Rxc8 Rxc8 28. Bb7 Rc3 29.
f4 Rxb3 30. fxe5 fxe5 31. Bxe5 Bxe5+ 32. Rxe5 Rxa3 33. Re3 Rb3 34. Bd5 Rc3 35. Be4 Bxe4 36. Rxc3 Bd5 0-1

[Event "Late-Titled-Tuesday-Blitz-May-28-2024"]
[Site "Chess.com"]
[Date "2024.05.28"]
[Round "5"]
[White "Orest_Vovk"]
[Black "MikeSailer"]
[Result "0-1"]
[WhiteElo "2509"]
[BlackElo "2152"]
[TimeControl "180+1"]
[EndTime "14:55:21 PDT"]
[Termination "MikeSailer won by resignation"]

1. h4 b6 2. h5 Bb7 3. Nc3 e5 4. d4 exd4 5. Qxd4 Nc6 6. Qe4+ Qe7 7. Qxe7+ Bxe7 8. h6 g6 9. Bf4 O-O-O 10. O-O-O Bf6 11.
Nd5 Be5 12. Nf3 Bxf4+ 13. Nxf4 f6 14. e3 Ne5 15. Nxe5 fxe5 16. Nd5 Rf8 17. f3 c6 18. Nc3 d5 19. Nb1 Rf6 20. c4 Ne7 21. Nc3 Kb8 22.
Kb1 Rd8 23. cxd5 cxd5 24. Bd3 Nf5 25. Bxf5 gxf5 26. Rh5 a6 27. f4 exf4 28. exf4 d4 29. g3 Rfd6 30. Ne2 Be4+ 31. Ka1 Bf3 32. Rh2 d3 33. Nc3 Bxd1 34. Nxd1 d2 35. b3 Rc6 36. Kb2 Rc1 37. Rxd2 Rxd1 38. Re2 R1d2+ 0-1

[Event "Late-Titled-Tuesday-Blitz-May-28-2024"]
[Site "Chess.com"]
[Date "2024.05.28"]
[Round "5"]
[White "Shuvalov"]
[Black "CheckBits"]
[Result "1-0"]
[WhiteElo "2560"]
[BlackElo "2393"]
[TimeControl "180+1"]
[EndTime "14:55:22 PDT"]
[Termination "Shuvalov won on time"]

1. d4 d5 2. c4 dxc4 3. Nf3 a6 4. a4 Nf6 5. e3 e6 6. Bxc4 Be7 7. O-O O-O 8. b3 c5 9. Bb2 Nc6 10. dxc5 Qxd1 11.
Rxd1 Bxc5 12. Nbd2 b6 13. Kf1 Bb7 14. Bxf6 gxf6 15. Ne4 Be7 16. Nd6 Bxd6 17. Rxd6 Rfd8 18. Rad1 Rxd6 19. Rxd6 Rd8 20. Rxd8+ Nxd8 21. Nd2 Kf8 22. Bd3 Nc6 23. Be4 Na5 24. b4 Nc6 25. Nc4 f5 26. Bf3 b5 27. axb5 axb5 28. Nd6 Ba8 29. Nxb5 Ke7 30. Nd4 Nxd4 31. exd4 1-0

[Event "Late-Titled-Tuesday-Blitz-May-28-2024"]
[Site "Chess.com"]
[Date "2024.05.28"]
[Round "5"]
[White "Meri-Arabidze"]
[Black "Genghis_K"]
[Result "0-1"]
[WhiteElo "2697"]
[BlackElo "2938"]
[TimeControl "180+1"]
[EndTime "14:55:23 PDT"]
[Termination "Genghis_K won by checkmate"]

1. Nf3 Nf6 2. c4 e6 3. g3 d5 4. Bg2 d4 5. O-O c5 6. e3 Nc6 7. exd4 cxd4 8. d3 Bc5 9. Bg5 h6 10. Bxf6 gxf6 11. Nbd2 f5 12. Re1 Qf6 13. Nb3 Be7 14. Qe2 a5 15. Ne5 Nxe5 16. Qxe5 Qxe5 17. Rxe5 a4 18. Nd2 a3 19. bxa3 Rxa3 20. Nb3 O-O 21. Rb5 Rd8 22. h3 Ra7 23. a4 Kf8 24. a5 h5 25. h4 Rd6 26. Rb1 Rda6 27. Nxd4 Rxa5 28.
Rxa5 Rxa5 29. Bxb7 Bd7 30. Bc6 Bf6 31. Nb3 Ra7 32.
Bxd7 Rxd7 33. Rd1 Rb7 34. Rb1 Rd7 35. Rd1 Rb7 36. Rb1 f4 37. Kg2 fxg3 38. fxg3 Rd7 39. Rd1 Rb7 40. Rb1 Ra7 41. Kf3 Ra2 42. d4 Rc2 43. c5 Rc3+ 44. Kf4 Bd8 45. g4 f6 46. gxh5 Bc7+ 47. Kg4 Rg3# 0-1

[Event "Late-Titled-Tuesday-Blitz-May-28-2024"]
[Site "Chess.com"]
[Date "2024.05.28"]
[Round "5"]
[White "GMBenjaminFinegold"]
[Black "GiorgianBarbosa"]
[Result "1-0"]
[WhiteElo "2746"]
[BlackElo "2510"]
[TimeControl "180+1"]
[EndTime "14:55:23 PDT"]
[Termination "GMBenjaminFinegold won on time"]

1. d4 Nf6 2. c4 e6 3. Nc3 d5 4. Bg5 Be7 5. e3 O-O 6. Nf3 Nbd7 7.
Rc1 c6 8. Bd3 b6 9. cxd5 cxd5 10.
O-O Bb7 11. Qe2 a6 12. a3 b5 13. Ne5 Nxe5 14. dxe5 Nd7 15. Bf4 Nc5 16. Bb1 Rc8 17.
Rfd1 Bg5 18. Bg3 Qe7 19. f4 Bh6 20. h3 Rfd8 21. Kh2 d4 22. exd4 Nb3 23. Qc2 g6 24. Qxb3 Rc4 25. Ne2 Rdc8 26. Rxc4 Rxc4 27. Qe3 Qd7 28.
Bd3 Qd5 29. Qf3 Qxf3 30. gxf3 Rc7 31. Kg2 Bd5 32. Kf2 Bb3 33. Rc1 Rd7 34. Rc8+ Kg7 35. Bh4 f5 36. exf6+ Kf7 37. Rh8 1-0

[Event "Late-Titled-Tuesday-Blitz-May-28-2024"]
[Site "Chess.com"]
[Date "2024.05.28"]
[Round "5"]
[White "nindjaxx8"]
[Black "MatthewG-p4p"]
[Result "0-1"]
[WhiteElo "2639"]
[BlackElo "2850"]
[TimeControl "180+1"]
[EndTime "14:55:26 PDT"]
[Termination "MatthewG-p4p won by resignation"]

1. d4 Nf6 2. c4 c5 3. d5 e6 4. Nc3 exd5 5. cxd5 d6 6. e4 g6 7.
Nf3 Bg7 8. Bf4 O-O 9. Bd3 a6 10. a4 Bg4 11. O-O Re8 12. Re1 Nh5 13. Bg3 Qc7 14.
Qc2 Bxf3 15. gxf3 Nd7 16. Kg2 Rab8 17. Rac1 c4 18. Bf1 b5 19. axb5 axb5 20. Ne2 Nc5 21. Red1 Bh6 22. Rb1 Qe7 23. Nd4 Qf6 24. b3 Nf4+ 25.
Bxf4 Bxf4 26. bxc4 bxc4 27. Rxb8 Rxb8 28. Qxc4 Rb2 29.
Ne2 Qh4 30. Ng3 h5 31. Qc3 Rxf2+ 32. Kxf2 Qxh2+ 33. Bg2 Qxg3+ 34. Kf1 Nxe4 35. Qd4 Ng5 36. Ra1 Be5 37. Ra8+ Kh7 38. Qd3 Qf4 39. Qb3 Qc1+ 40. Ke2 Qg1 41. Bf1 Bd4 42. Ke1 Qf2+ 43. Kd1 Qxf1+ 44.
Kd2 Nxf3+ 45. Kc2 Qe2+ 46. Kc1 Be3+ 0-1

[Event "Late-Titled-Tuesday-Blitz-May-28-2024"]
[Site "Chess.com"]
[Date "2024.05.28"]
[Round "5"]
[White "Mikhail_Bryakin"]
[Black "AldokhinIvan"]
[Result "1-0"]
[WhiteElo "2849"]
[BlackElo "2632"]
[TimeControl "180+1"]
[EndTime "14:55:27 PDT"]
[Termination "Mikhail_Bryakin won on time"]

1. e4 c5 2. d4 cxd4 3. Qxd4 Nc6 4. Qd3 Nf6 5. Nc3 d6 6. Nf3 g6 7. Be2 Bg7 8. O-O O-O 9. Nd5 Nd7 10. c3 Nc5 11.
Qc2 e6 12. Ne3 Qc7 13. Rd1 a6 14. Ng4 h5 15. Ne3 b5 16. Bd2 Bb7 17. Nf1 Rac8 18. Ng3 Nd7 19. Bf4 Nde5 20. Nxe5 dxe5 21. Bg5 b4 22.
Qd2 bxc3 23. bxc3 f6 24. Bh6 Rfd8 25. Qe3 Na5 26. Bxg7 Kxg7 27. Rxd8 Rxd8 28. Bxh5 gxh5 29. Nxh5+ Kh7 30. Nxf6+ Kg6 31. Ng4 Rh8 32. Qg3 Kf7 33. Nxe5+ Ke8 34. Qg6+ Kd8 35. Qf6+ Qe7 36. Qxe7+ Kxe7 37.
Ng6+ Kf6 38. Nxh8 Bxe4 39. Re1 Bf5 40. f3 Kg7 41. g4 Bc2 42. Rxe6 Kxh8 43. Rxa6 Nc4 44.
Kf2 Kg7 45. h4 Nb2 46. Ke3 Nd1+ 47. Kf4 Nxc3 48. Rc6 Nd5+ 49. Ke5 Ne3 50. Kd4 1-0

[Event "Late-Titled-Tuesday-Blitz-May-28-2024"]
[Site "Chess.com"]
[Date "2024.05.28"]
[Round "5"]
[White "swayamsm"]
[Black "BAS8892"]
[Result "1-0"]
[WhiteElo "2565"]
[BlackElo "2725"]
[TimeControl "180+1"]
[EndTime "14:55:27 PDT"]
[Termination "swayamsm won by checkmate"]

1. d4 Nf6 2. Nf3 g6 3. Nc3 d5 4. Bf4 Bg7 5. e3 O-O 6. Be2 c5 7. dxc5 Na6 8. Bxa6 bxa6 9. O-O Qa5 10. c6 Qb6 11.
Nd4 Qxb2 12. Qd2 Qb4 13. Rab1 Qc4 14. Be5 Ne4 15. Nxe4 Bxe5 16. Rb4 Qxa2 17. Nc5 Qa5 18. Ndb3 Qc7 19. Qxd5 Bxh2+ 20. Kh1 Bd6 21. Rh4 e6 22. Qf3 Be7 23. Rh2 Rb8 24. Ne4 f5 25. Nec5 Rb5 26.
Nd3 e5 27. Qh3 h5 28. f4 exf4 29. Nxf4 Rf6 30. Nd4 Rc5 31. Nxh5 gxh5 32. Qxh5 Rcxc6 33. Qh8+ Kf7 34. Rh7+ Kg6 35. Qg7# 1-0

[Event "Late-Titled-Tuesday-Blitz-May-28-2024"]
[Site "Chess.com"]
[Date "2024.05.28"]
[Round "5"]
[White "shirovin"]
[Black "Qvalda"]
[Result "1-0"]
[WhiteElo "2111"]
[BlackElo "2396"]
[TimeControl "180+1"]
[EndTime "14:55:30 PDT"]
[Termination "shirovin won on time"]

1. e4 d5 2. exd5 Qxd5 3. Nc3 Qd8 4. d4 Nf6 5. Nf3 g6 6. Be2 Bg7 7. O-O O-O 8. h3 Nc6 9. Bf4 a6 10. Re1 Bf5 11. a3 Ne4 12. Nxe4 Bxe4 13. c3 Qd7 14.
Bc4 Bf5 15. Ne5 Nxe5 16. Bxe5 Rae8 17. Bxg7 Kxg7 18. g4 Be6 19. Bxe6 fxe6 20. Qe2 Rf6 21. Qe5 Kg8 22. g5 Rf5 23. Qe3 Ref8 24. h4 Rxf2 25.
Qxf2 Rxf2 26. Kxf2 Qd6 27. Re5 Qb6 28. Re2 Qd6 29.
Re5 Qb6 30. Re2 c5 31. dxc5 Qxc5+ 32. Kg3 Qd6+ 33. Kg4 Qd3 34. Rae1 Kf7 35. Rxe6 Qc4+ 36. R6e4 Qc8+ 37. Kg3 Qc7+ 38. Kg2 Qc6 39. Kh2 Qd6+ 40.
Kg2 Qc6 41. Re2 e5 42. Kf2 Qc5+ 43. Kf1 Qd5 44. Rxe5 Qd1+ 45. Kf2 Qd6 46. Re7+ 1-0

[Event "Late-Titled-Tuesday-Blitz-May-28-2024"]
[Site "Chess.com"]
[Date "2024.05.28"]
[Round "5"]
[White "nihalsarin"]
[Black "Msb2"]
[Result "1-0"]
[WhiteElo "3258"]
[BlackElo "3031"]
[TimeControl "180+1"]
[EndTime "14:55:31 PDT"]
[Termination "nihalsarin won by resignation"]

1. d4 d5 2. Bg5 h6 3. Bf4 c5 4. e3 Nc6 5. Nc3 a6 6. Nf3 e6 7. dxc5 Bxc5 8. Bd3 Nf6 9. O-O Bd6 10. Re1 e5 11. Bg3 O-O 12. e4 d4 13. Nd5 Nd7 14.
Bh4 Qe8 15. c3 dxc3 16. bxc3 Nc5 17. Bc4 Bb8 18. Qd2 Be6 19. Nf6+ gxf6 20. Qxh6 Nd7 21.
Rad1 Nd4 22. cxd4 Bxc4 23. dxe5 Bxe5 24. Rxd7 Qe6 25. Nxe5 fxe5 26. Bf6 Qxf6 27. Qxf6 Be6 28. Rd3 1-0

[Event "Late-Titled-Tuesday-Blitz-May-28-2024"]
[Site "Chess.com"]
[Date "2024.05.28"]
[Round "5"]
[White "Bilan_Danila"]
[Black "MarcoRiehle"]
[Result "0-1"]
[WhiteElo "2562"]
[BlackElo "2786"]
[TimeControl "180+1"]
[EndTime "14:55:33 PDT"]
[Termination "MarcoRiehle won by resignation"]

1. d4 e6 2. Nf3 d5 3. c4 Nf6 4.
Nc3 dxc4 5. e3 a6 6. Bxc4 b5 7.
Bb3 c5 8. O-O c4 9. Bc2 Bb7 10. a4 b4 11. Ne2 Nbd7 12. Ng3 Be7 13. Qe2 Rc8 14. e4 O-O 15. Bf4 b3 16. Bb1 Re8 17.
Rc1 c3 18. Rxc3 Rxc3 19. bxc3 Qb6 20. Bc1 a5 21. Bb2 e5 22. d5 Bc5 23. Bd3 Nf8 24. Nd2 Ng6 25. Nc4 Qa7 26. Rf1 Nf4 27. Qd1 h5 28. Ne2 Ng4 29. Nxf4 exf4 30. Qe2 f5 31. h3 Nxf2 32. Rxf2 Bxf2+ 33. Qxf2 Qxf2+ 34. Kxf2 fxe4 35. Be2 Bxd5 36. Nd6 e3+ 37. Kf1 Rd8 38. Nb5 g6 39. Nd4 Kg7 40. Bd1 Kh6 41. Bf3 Bc4+ 42. Be2 Bf7 43.
Bf3 Rc8 44. Ke1 Rc4 45. Be2 Rxa4 46. Bd1 Ra2 47. Bc1 b2 48. Bxb2 Rxb2 49. Bf3 a4 0-1

[Event "Late-Titled-Tuesday-Blitz-May-28-2024"]
[Site "Chess.com"]
[Date "2024.05.28"]
[Round "5"]
[White "el008"]
[Black "jup1978"]
[Result "0-1"]
[WhiteElo "2559"]
[BlackElo "2445"]
[TimeControl "180+1"]
[EndTime "14:55:33 PDT"]
[Termination "jup1978 won by resignation"]

1. Nf3 d5 2. g3 e6 3. Bg2 Nf6 4. O-O Be7 5. c4 O-O 6. b3 b6 7. Bb2 Bb7 8. d3 dxc4 9. bxc4 c5 10. a4 Nc6 11. Ne5 Qc7 12. Nxc6 Bxc6 13. Bxc6 Qxc6 14. a5 Nd7 15. Nd2 Bf6 16. Bxf6 Nxf6 17. Qb3 e5 18. Rfb1 Rab8 19. axb6 axb6 20. Qb5 Qe6 21. Ra6 Nd7 22. Ne4 f5 23. Nc3 e4 24. Nd5 exd3 25.
exd3 f4 26. Ra7 Ne5 27. Re7 Nf3+ 28. Kg2 Qg4 29. Qd7 Nh4+ 30. Kg1 Nf3+ 31. Kh1 Qh5 32.
Rxg7+ Kh8 33. h3 fxg3 34. fxg3 Ne5 35. Nf4 Qf3+ 0-1

[Event "Late-Titled-Tuesday-Blitz-May-28-2024"]
[Site "Chess.com"]
[Date "2024.05.28"]
[Round "5"]
[White "KNVB"]
[Black "Smiechu"]
[Result "1-0"]
[WhiteElo "2772"]
[BlackElo "2466"]
[TimeControl "180+1"]
[EndTime "14:55:35 PDT"]
[Termination "KNVB won on time"]

1. e4 c5 2. e5 Nc6 3. c3 Nxe5 4. d4 cxd4 5. cxd4 Ng6 6. h4 h5 7. Bd3 Qb6 8. Nf3 Nh6 9. Qc2 Ng4 10. Nc3 e5 11. O-O Nf4 12. Bxf4 exf4 13. Nd5 Qc6 14. Nc7+ Kd8 15. Nxa8 b6 16. Ng5 Nh6 17. Rac1 Bb7 18.
Be4 Qxc2 19. Rxc2 d5 20. Rfc1 dxe4 21. Rc7 Ba6 22. Rxa7 f6 23. Ne6+ Ke8 24. Rxa6 e3 25. fxe3 fxe3 26. Rc8+ Kf7 27. Rxf8+ Rxf8 28. Nxf8 e2 29. Kf2 1-0

[Event "Late-Titled-Tuesday-Blitz-May-28-2024"]
[Site "Chess.com"]
[Date "2024.05.28"]
[Round "5"]
[White "betta2004"]
[Black "JanMur7"]
[Result "0-1"]
[WhiteElo "2550"]
[BlackElo "2301"]
[TimeControl "180+1"]
[EndTime "14:55:38 PDT"]
[Termination "JanMur7 won by resignation"]

1. Nf3 Nf6 2. b3 c5 3. Bb2 g6 4. e3 Bg7 5. Be2 O-O 6. d4 Ne4 7. O-O Nc6 8. Nbd2 d5 9. Nxe4 dxe4 10. Ne5 Nxe5 11. dxe5 Be6 12. Qe1 Qb6 13. c4 Rad8 14.
Qc3 Rd7 15. Rfd1 Rfd8 16. Rxd7 Rxd7 17. Rd1 Qd8 18. Rxd7 Qxd7 19. h3 b6 20. a3 a5 21.
b4 axb4 22. axb4 cxb4 23. Qxb4 Qc7 24. Qb5 Bd7 25. Qd5 Bc6 26. Qd4 h5 27. Bd1 e6 28.
Bc2 Qb7 29. Qd8+ Kh7 30. g4 Qa7 31. gxh5 gxh5 32. Qg5 Qa2 33. Qxh5+ Kg8 34. Bxe4 Bxe4 35. Qe2 Qb1+ 36. Kh2 Qh1+ 37. Kg3 Qg2+ 38. Kh4 Bf5 39. Qg4 Bxg4 40. hxg4 Qh2+ 0-1

[Event "Late-Titled-Tuesday-Blitz-May-28-2024"]
[Site "Chess.com"]
[Date "2024.05.28"]
[Round "5"]
[White "bazar-wokzal"]
[Black "Engima32"]
[Result "1-0"]
[WhiteElo "2603"]
[BlackElo "2467"]
[TimeControl "180+1"]
[EndTime "14:55:39 PDT"]
[Termination "bazar-wokzal won by checkmate"]

1. e4 c5 2. c3 Nf6 3. e5 Nd5 4. d4 cxd4 5. cxd4 Nc6 6. Nc3 Nxc3 7.
bxc3 d6 8. f4 g6 9. Nf3 Bg7 10.
Bc4 O-O 11. O-O Qa5 12. Qb3 Qc7 13. Ng5 e6 14. exd6 Qxd6 15. Ba3 Qc7 16. Bxf8 Kxf8 17. d5 Na5 18. Qb4+ Kg8 19. dxe6 fxe6 20. Bxe6+ Bxe6 21. Nxe6 Qxc3 22. Qxc3 Bxc3 23. Rac1 Bf6 24. f5 Re8 25. Nc7 Bd4+ 26. Kh1 Re2 27. Ne6 Bf6 28. Rc8+ Kf7 29. Rc7+ Kg8 30. Nf4 Rxa2 31. fxg6 hxg6 32. Nxg6 Bg7 33. Ne7+ Kh8 34. Nf5 Bf6 35. Re1 Bg7 36.
Re8+ Kh7 37. Rxg7# 1-0

[Event "Late-Titled-Tuesday-Blitz-May-28-2024"]
[Site "Chess.com"]
[Date "2024.05.28"]
[Round "5"]
[White "NajdorfPlayerc5"]
[Black "Connectedcloud"]
[Result "1-0"]
[WhiteElo "2440"]
[BlackElo "2224"]
[TimeControl "180+1"]
[EndTime "14:55:40 PDT"]
[Termination "NajdorfPlayerc5 won by resignation"]

1. d4 Nf6 2. Bg5 Ne4 3. h4 c5 4. d5 Qb6 5. Nd2 Nxd2 6. Bxd2 d6 7. Nf3 Nd7 8. b3 Nf6 9. c4 e6 10. dxe6 fxe6 11. e3 Be7 12. Bd3 O-O 13. O-O e5 14. Ng5 h6 15. Ne4 Nxe4 16. Bxe4 Bxh4 17. Qh5 Bf6 18. Qg6 Be6 19. Bc3 Qc7 20. f4 exf4 21.
Rxf4 Rf7 22. Qh7+ Kf8 23. Bxf6 gxf6 24. Qh8+ Ke7 25. Qxa8 f5 26. Qxb7 Qd7 27. Qxd7+ Kxd7 28. Bd5 Bxd5 29. cxd5 Re7 30. Rxf5 Rxe3 31. Rh5 Rd3 32. Rf1 Kc7 33. Rf7+ Kb6 34. Rf6 Kc7 35. Rfxh6 a5 36. Rh7+ Kb6 37. Rd7 Kb5 38. Rxd6 Rd2 39. a4+ Kb4 40.
Rb6+ Ka3 41. d6 Rd3 1-0

[Event "Late-Titled-Tuesday-Blitz-May-28-2024"]
[Site "Chess.com"]
[Date "2024.05.28"]
[Round "5"]
[White "Tibmat"]
[Black "Magicmaster17"]
[Result "0-1"]
[WhiteElo "2683"]
[BlackElo "2881"]
[TimeControl "180+1"]
[EndTime "14:55:41 PDT"]
[Termination "Magicmaster17 won on time"]

1. c4 e5 2. g3 Nf6 3. Bg2 h6 4. Nc3 Bb4 5. e4 Nc6 6. Nge2 d6 7. O-O Bc5 8. d3 a6 9. h3 O-O 10. Be3 Nd4 11. Kh2 Rb8 12. a3 b5 13.
b4 Ba7 14. Rb1 c6 15. f4 Bg4 16. Qd2 Re8 17. fxe5 Bxe2 18. Nxe2 dxe5 19. c5 Nxe2 20. Qxe2 Rb7 21. Rf5 Rd7 22. Bf1 Nh7 23. Qf2 Nf8 24. Be2 Bb8 25. Rf1 Ree7 26. h4 Ne6 27. g4 Nf4 28.
Bxf4 exf4 29. Kh3 Be5 30. Rxe5 Rxe5 31. Qxf4 Qe7 32. Rf3 a5 33. Kg2 axb4 34. axb4 Rd8 35.
Kh3 f6 36. Bf1 Kf7 37. Qe3 Qd7 38. Rf4 Qd4 39. Qf3 Ra8 40. Rf5 Ra2 41. g5 hxg5 42. hxg5 Rxf5 43. Qxf5 Rf2 44. g6+ Ke7 45. Qc8 Rxf1 46.
Qc7+ Qd7+ 47. Qxd7+ Kxd7 0-1

[Event "Late-Titled-Tuesday-Blitz-May-28-2024"]
[Site "Chess.com"]
[Date "2024.05.28"]
[Round "5"]
[White "ckgchess"]
[Black "SRob2003"]
[Result "1-0"]
[WhiteElo "2875"]
[BlackElo "2677"]
[TimeControl "180+1"]
[EndTime "14:55:42 PDT"]
[Termination "ckgchess won by resignation"]

1. e4 c6 2. d4 d5 3. e5 c5 4.
dxc5 e6 5. Be3 Nd7 6. Bb5 Ne7 7. Bd4 Nc6 8. Bxc6 bxc6 9. b4 a5 10. a3 f6 11. exf6 e5 12. Qh5+ g6 13. Qh4 Ba6 14.
Bb2 Kf7 15. Nf3 Qxf6 16. Qxf6+ Kxf6 17. Nxe5 Nxe5 18. f4 Bg7 19. fxe5+ Ke6 20. Nd2 Bxe5 21. Bxe5 Kxe5 22. Nf3+ Kf6 23. Kd2 Ke7 24. Rhe1+ Kd7 25. Ne5+ Kc7 26. Nf7 Rhe8 27. Nd6 Rxe1 28. Rxe1 Kd7 29.
Re3 Rf8 30. Rf3 Rxf3 31. gxf3 axb4 32. axb4 Ke6 33. Ke3 Ke5 34. c3 g5 35. Nf7+ Kf6 36. Nh6 Ke5 37. Ng4+ Kf5 38. Nf2 h5 39. Nd3 Bc4 40.
Nc1 Ke5 41. Ne2 Bxe2 42. Kxe2 Kf4 43. b5 cxb5 44. c6 d4 45. cxd4 b4 46. c7 1-0

[Event "Late-Titled-Tuesday-Blitz-May-28-2024"]
[Site "Chess.com"]
[Date "2024.05.28"]
[Round "5"]
[White "norwaytoadog"]
[Black "tactic"]
[Result "1/2-1/2"]
[WhiteElo "2310"]
[BlackElo "2565"]
[TimeControl "180+1"]
[EndTime "14:55:43 PDT"]
[Termination "Game drawn by stalemate"]

1. e4 g6 2. d4 d6 3. Nc3 Bg7 4. Be3 c6 5. h4 Nf6 6. Be2 h5 7. Nh3 Bg4 8. f3 Bd7 9. Ng5 e5 10. dxe5 dxe5 11. Bc4 O-O 12. Qd2 b6 13. O-O-O a5 14. a4 Qe7 15. Qd6 Qxd6 16. Rxd6 Ne8 17. Rxg6 b5 18. axb5 cxb5 19. Bd5 Ra6 20. Rxa6 Nxa6 21.
Rd1 b4 22. Ne2 Bb5 23. Ng3 Nd6 24. Nxh5 Rc8 25. Nxg7 Kxg7 26. Kb1 a4 27. h5 b3 28. cxb3 axb3 29. h6+ Kf6 30. h7 Ke7 31. Rc1 Bd3+ 32. Ka1 Nc4 33. Bxc4 Bxc4 34. h8=Q Rxh8 35. Rxc4 Nb4 36.
Nh3 Nc2+ 37. Kb1 Ra8 38. Rxc2 bxc2+ 39. Kxc2 Rg8 40. g4 Rh8 41. Nf2 Rh2 42. b4 Rg2 43. Kd2 Rg1 44. b5 Rb1 45. b6 Ke6 46. Nd3 Rf1 47. Nc5+ Kd6 48. b7 Kc7 49. Ke2 Rb1 50. g5 Rb4 51. Kf2 Rb2+ 52. Kg3 Re2 53. Bf2 Rb2 54. Bg1 Rb1 55. Be3 Re1 56. Bd2 Re2 57.
Ba5+ Kb8 58. Nd7+ Kxb7 59. Nxe5 Ra2 60. Bc3 Rc2 61. Bd4 Rd2 62. Be3 Re2 63. Bf4 Re1 64. Nxf7 Kc8 65. Ne5 Kd8 66. Kg4 Ke7 67. Kf5 Rh1 68.
g6 Kf8 69. Bg5 Kg7 70. Bf6+ Kh6 71. Nf7+ Kh5 72. g7 Rg1 73. Ng5 Rxg5+ 74. Bxg5 1/2-1/2

[Event "Late-Titled-Tuesday-Blitz-May-28-2024"]
[Site "Chess.com"]
[Date "2024.05.28"]
[Round "5"]
[White "Nathan_Filgueiras"]
[Black "FredddieCroderg"]
[Result "0-1"]
[WhiteElo "2535"]
[BlackElo "2298"]
[TimeControl "180+1"]
[EndTime "14:55:44 PDT"]
[Termination "FredddieCroderg won by checkmate"]

1. e4 c6 2. d4 d5 3. e5 Bf5 4.
h4 h5 5. Bd3 Bxd3 6. Qxd3 e6 7.
Nf3 c5 8. c3 Nc6 9. O-O Qb6 10.
a3 Nh6 11. Bxh6 Rxh6 12. b4 cxb4 13. axb4 Rc8 14. Nbd2 a6 15. Nb3 Qb5 16. Qd2 Be7 17. Nc5 a5 18. Rfb1 axb4 19. cxb4 b6 20. Nd3 Rg6 21.
g3 Rg4 22. Nf4 Bxb4 23. Qc2 Qc4 24. Qh7 Nxd4 25. Nxd4 Qxd4 26. Qg8+ Bf8 27. Ra7 Qxf4 28. Rba1 Rxg3+ 29. fxg3 Qxg3+ 30. Kh1 Qxh4+ 31. Kg2 Rc2+ 32. Kf3 Qf2# 0-1

[Event "Late-Titled-Tuesday-Blitz-May-28-2024"]
[Site "Chess.com"]
[Date "2024.05.28"]
[Round "5"]
[White "Stanbad1"]
[Black "Cayse"]
[Result "1-0"]
[WhiteElo "2682"]
[BlackElo "2838"]
[TimeControl "180+1"]
[EndTime "14:55:46 PDT"]
[Termination "Stanbad1 won by resignation"]

1. d4 Nf6 2. Bg5 g6 3. Bxf6 exf6 4. c4 Bg7 5. Nc3 O-O 6. e3 f5 7. g3 c5 8. Nge2 Nc6 9. Bg2 cxd4 10. exd4 Qb6 11. d5 Qxb2 12. Rc1 Ne5 13. O-O Nxc4 14. d6 Kh8 15. Nd5 Qxa2 16. Nb4 Qb2 17. Rxc4 a5 18. Nd5 b5 19. Rc2 Qe5 20. Nb6 Rb8 21. Rxc8 Rbxc8 22. Nxd7 Qb2 23. Nxf8 Bxf8 24. Nf4 Rd8 25. d7 a4 26. Qd5 Kg7 27. Nd3 Qb3 28. Qd4+ Kg8 29. Ne5 Bg7 30. Bd5 Rxd7 31. Nxd7 Bxd4 32. Bxb3 axb3 33. Rb1 b2 34. Nb8 Kg7 35. Nc6 Bc3 36. Kf1 Kf6 37. Ke2 b4 38. Kd3 f4 39. Kc4 fxg3 40. hxg3 Kf5 41. Nxb4 Bg7 42. Nd3 Ke4 43. Nxb2 h5 44. Nd3 1-0

[Event "Late-Titled-Tuesday-Blitz-May-28-2024"]
[Site "Chess.com"]
[Date "2024.05.28"]
[Round "5"]
[White "hansen"]
[Black "AlexeiShirov"]
[Result "0-1"]
[WhiteElo "3052"]
[BlackElo "2918"]
[TimeControl "180+1"]
[EndTime "14:55:48 PDT"]
[Termination "AlexeiShirov won on time"]

1. e4 e5 2. Nf3 Nc6 3. Bb5 f5 4. d3 fxe4 5. dxe4 Nf6 6. Nc3 Bb4 7. O-O Bxc3 8. bxc3 d6 9. Qd3 Bd7 10. Rb1 Qe7 11.
Bg5 h6 12. Bxf6 Qxf6 13. Nd2 Rb8 14. Nc4 a6 15. Bxc6 Bxc6 16. Na5 Bd7 17. Nxb7 O-O 18. c4 Bc6 19. c5 Kh7 20. Qxa6 Bxe4 21. f3 Bxc2 22.
Rbc1 Qg6 23. Rf2 Bd3 24. Qc6 e4 25. Re1 exf3 26. Rxf3 Bb5 27. Qxb5 Rxf3 28. c6 Rc3 29.
h3 Rxh3 30. Qd5 Rc3 31. Re7 Rf8 32. Rxc7 Rc1+ 33. Kh2 Rff1 0-1

[Event "Late-Titled-Tuesday-Blitz-May-28-2024"]
[Site "Chess.com"]
[Date "2024.05.28"]
[Round "5"]
[White "jcibarra"]
[Black "Statham_01"]
[Result "1-0"]
[WhiteElo "2902"]
[BlackElo "2695"]
[TimeControl "180+1"]
[EndTime "14:55:49 PDT"]
[Termination "jcibarra won by checkmate"]

1. e4 e5 2. Nf3 Nf6 3. Nc3 Nc6 4. h3 d5 5. exd5 Nxd5 6. Bb5 Nxc3 7. bxc3 Bd6 8. O-O O-O 9. d4 e4 10. Ng5 Bf5 11.
f3 exf3 12. Qxf3 Bg6 13. Bd3 Ne7 14. Qxb7 c6 15. Qa6 Nd5 16. Qc4 Rc8 17. Kh1 h6 18. Nf3 Bb8 19. Bd2 Bh5 20. g4 Bg6 21. Rae1 c5 22.
Bxg6 fxg6 23. Ne5 Rxf1+ 24. Rxf1 Kh7 25. Qd3 Bxe5 26. dxe5 c4 27. Qe4 Qd7 28. e6 Qd6 29. Kg2 Nf6 30. Qe3 Re8 31. Rxf6 gxf6 32. Qxh6+ Kg8 33. Qxg6+ Kf8 34. Qf7# 1-0